 Dungeon Crawl Stone Soup version 0.14-a0-1765-g49ce880 (webtiles) character file.

333 M4edhros the Shield-Bearer (level 5, -8/36 HPs)
             Began as an Octopode Fighter on Jan 5, 2014.
             Mangled by wojtek's ghost (21 damage)
             ... on Level 6 of the Dungeon.
             The game lasted 00:02:05 (1403 turns).

M4edhros the Shield-Bearer (Octopode Fighter)       Turns: 1403, Time: 00:02:05

HP  -8/36        AC  1     Str 15      XL: 5   Next: 82%
MP   5/5         EV 11     Int 11      God:
Gold 129         SH 20     Dex 12      Spells:  0 memorised,  4 levels left

rFire  . . .     SeeInvis .     a - +0 trident
rCold  . . .     Clarity  .     c - +0 shield
rNeg   . . .     Conserve .     (helmet restricted)
rPois  .         rCorr    .     (no amulet)
rElec  .         rRot     .     h - ring of sustain abilities {unknown}
SustAb + .       Spirit   .     (no ring)
rMut   .         Warding  .     (no ring)
Saprov . . .     Stasis   .     (no ring)
                                (no ring)
                                (no ring)
                                (no ring)
                                (no ring)

@: slightly resistant to hostile enchantments, fairly stealthy
A: almost no armour, amphibious, 8 rings, constrict 8, spike 1, camouflage 1,
fast metabolism 1, gelatinous body 1
a: no special abilities


You were on level 6 of the Dungeon.
You were not hungry.

You visited 1 branch of the dungeon, and saw 6 of its levels.

You collected 129 gold pieces.

Inventory:

Hand weapons
 a - a +0,+0 trident (weapon)
Armour
 c - a +0 shield (worn)
Magical devices
 q - a wand of polymorph (14) {unknown}
Comestibles
 d - 3 bread rations
 o - an apple
Scrolls
 b - a scroll of identify {unknown}
 e - a scroll of remove curse {unknown}
 f - 5 scrolls of teleportation {unknown}
 g - 2 scrolls of immolation {unknown}
 i - a scroll of recharging {unknown}
 j - a scroll of fog {unknown}
 l - a scroll of noise {unknown}
 m - a scroll of random uselessness {unknown}
Jewellery
 h - a ring of sustain abilities (left tentacle) {unknown}
 p - an uncursed ring of protection from fire {unknown}
Books
 k - a book of Clouds

   Spells                             Type                      Level
   Mephitic Cloud                     Conjuration/Poison/Air       3
   Conjure Flame                      Conjuration/Fire             3
   Poisonous Cloud                    Conjuration/Poison/Air       6
   Freezing Cloud                     Conjuration/Ice/Air          6
   Ring of Flames                     Charms/Fire                  7
 n - a book of the Sky

   Spells                             Type                      Level
   Flight                             Charms/Air                   3
   Airstrike                          Air                          4
   Silence                            Hexes/Air                    5
   Deflect Missiles                   Charms/Air                   6
   Conjure Ball Lightning             Conjuration/Air              6
   Tornado                            Air                          9


   Skills:
 - Level 3.0 Fighting
 - Level 2.0 Polearms
 - Level 3.0 Dodging
 + Level 6.3 Shields


You had 4 spell levels left.
You didn't know any spells.

Dungeon Overview and Level Annotations

Branches:
Dungeon (6/16)
 Temple: D:4-7

Altars:

Shops:
D:6 (

Annotations:
D:5 Sigmund
D:6 wojtek's ghost, experienced TeGl


Innate Abilities, Weirdness & Mutations

You cannot wear most types of armour.
You are amphibious.
You can wear up to eight rings at the same time.
You can use your tentacles to constrict many enemies at once.
Your skin changes colour to match your surroundings (Stlth).
Your rubbery body absorbs attacks (AC +1).
One of your tentacles bears a spike.
You have a fast metabolism.


Message History

There is an entrance to Wudah's Weapon Emporium here.
Found a stone staircase leading down.
A hound zombie comes into view.
Found a scimitar.
A kobold comes into view. It is wielding a club.
The kobold shouts!
The kobold throws a dart.
The dart misses you.
You see here a dart.
You see here a twisted bronze wand.
q - a twisted bronze wand You block the hound zombie's attack.
The hound zombie closely misses you.
Found a scroll labeled KIARIRR HUOCLU.
Wojtek's ghost (experienced Tengu Gladiator) comes into view.
You block the hound zombie's attack. The hound zombie bites you.
You see here 3 scrolls labeled KIARIRR HUOCLU.
The wight barely misses you. Wojtek's ghost hits you!
Ouch! That really hurt!
You die...

... ......#
.......########
>................
...................
...................
....................
...?........<.........
..........@[.%%........
............p...........
..........zz...[........
.........?B...⌠.⌠..(....
.....).>........∩........
............K..⌠.⌠.......
#####.........##########
#......(..# #.........#


You could see a goliath beetle, a wight, wojtek's ghost, a hound zombie and a
kobold.

Vanquished Creatures
  2 crimson imps
  A scorpion (D:3)
  A worker ant (D:5)
  5 adders
  An inept item mimic (D:2)
  4 orcs
  A ball python (D:3)
  A giant cockroach (D:3)
  4 hobgoblins
  2 jackals (D:1)
  A quokka (D:2)
  5 bats
  2 giant newts
  9 goblins
  4 kobolds
  An orc skeleton (D:4)
  7 rats
51 creatures vanquished.

Notes
Turn   | Place    | Note
--------------------------------------------------------------
     0 | D:1      | M4edhros, the Octopode Fighter, began the quest for the Orb.
     0 | D:1      | Reached XP level 1. HP: 16/16 MP: 1/1
   140 | D:1      | Reached XP level 2. HP: 19/21 MP: 2/2
   195 | D:2      | Reached skill level 4 in Shields
   195 | D:2      | Reached XP level 3. HP: 16/26 MP: 3/3
   603 | D:3      | Reached XP level 4. HP: 31/31 MP: 4/4
   698 | D:3      | Reached skill level 5 in Shields
   871 | D:3      | Gained mutation: You have a fast metabolism. [potion of mutation]
   871 | D:3      | Gained mutation: One of your tentacles bears a spike. [potion of mutation]
   964 | D:3      | Reached XP level 5. HP: 15/36 MP: 5/5
  1002 | D:3      | HP: 1/36 [poisoned by a scorpion]
  1303 | D:5      | Entered Level 5 of the Dungeon
  1313 | D:5      | Reached skill level 6 in Shields
  1377 | D:5      | Noticed Sigmund
  1383 | D:6      | Found Wudah's Weapon Emporium.
  1399 | D:6      | Noticed wojtek's ghost (experienced TeGl)
  1403 | D:6      | Mangled by wojtek's ghost

Action                   |  1- 3 |  4- 6 || total
-------------------------+-------+-------++-------
Melee: Trident           |    60 |    56 ||   116
  Use: Potion            |       |     3 ||     3
 Stab: Sleeping          |     3 |     3 ||     6
       Distracted        |     1 |       ||     1
